Frodo, lawful female dwarven Valkyrie -------- ----- # --------------- |......|#####@i###....| #-.............| |.......# |.>..#### *###|....)........| |......| |...|######### #|.............| |......+# ---.-# ###--+-- #+.............-# --.--.--################ #.(..| ###|.............|# ## #### # |...| # #----------.----# # # ### |...| ### I`########################## ###########-...| # ## # # # # # ----- # # ### #### # # -----------## # # #----.------- # |..........# ### # #|....)...}.| # |.........| # #..........<| # |..........#########################|..}.}.....| ---|--- |.........| ----|--- # ------------ |.....| |........>| ?#|.......####### |.....| ----------- #.......| #####################-.....| -------- ------- Frodo the Skirmisher Experience level: 4 Strength: 17 Dexterity: 11 Constitution: 20 Intelligence: 10 Wisdom: 10 Charisma: 7 Health: 0(52) Energy: 5(5) Def: 8 Gold: 393 Moves: 4039 Dungeon seed: ENpxT7sdIkJ7aOir Game ID: Frodo_1564182161 Your Inventory: Coins $ - 393 gold pieces Weapons t - a cursed -1 elven dagger (weapon in hand) Armor e - an uncursed +3 small shield (being worn) n - a cursed -4 banded mail (being worn) I - an uncursed +0 dwarvish cloak (being worn) J - an uncursed +0 pair of iron shoes (being worn) K - an uncursed +0 studded leather armor Scrolls G - an uncursed scroll of blank paper Spellbooks l - an uncursed spellbook of force bolt Wands w - an uncursed wand of teleportation (0:0) Tools d - an uncursed oil lamp (lit) (0:605) Gems q - an uncursed amethyst stone r - an uncursed worthless piece of black glass y - an uncursed worthless piece of blue glass z - an uncursed worthless piece of green glass Y - an uncursed jasper stone Iron balls N - an uncursed heavy iron ball (chained to you) Spells and supernatural/magical abilities: Name Level Category Fail Memory a - force bolt 1 attack 100% 86% z - sleep 1 enchantment 100% 89% W - pray for help -- divine ? -- Your skills at the end: Fighting Skills Weapon Skills dagger [Basic] long sword [Basic] Spellcasting Skills Final Attributes: You were piously aligned. You were cold resistant. You were poison resistant. You had infravision. You were stealthy. You are dead. Vanquished creatures: a guardian naga hatchling a paper golem a little dog a floating eye a dwarf a homunculus an iguana an acid blob 2 coyotes a gas spore a hobbit a hobgoblin 2 cave spiders a yellow mold 2 red molds 3 gnomes 3 gnome zombies 3 geckos 3 jackals 3 kobolds a goblin 2 sewer rats 9 grid bugs 2 lichens a kobold zombie 9 newts 57 creatures vanquished. Voluntary challenges: You used a wielded weapon 70 times, starting on turn 209. You read items or engraved 7 times, starting on turn 1063. You never genocided any monsters. You never polymorphed an object. You never changed form. You used no wishes. You never split a pudding. You never wrote Elbereth's name. You violated your moral code, losing 14 points of alignment, starting on turn 2525. Dungeon overview: The Dungeons of Doom: levels 1 to 4 Level 1 (The Beginning) a long staircase Level 2 (Monsters, Mazes, and Magic (+Cursed Armor)) Level 3 a general store Level 4 <- You were here stairs to The Gnomish Mines The Gnomish Mines: Level 5 stairs to The Dungeons of Doom History has recorded: On T:1 you entered the Dungeons of Doom to retrieve the Amulet of Yendor! On T:706 you reached level 2 of The Dungeons of Doom. On T:1264 you advanced to experience level 2. On T:1490 you reached level 3 of The Dungeons of Doom. On T:1494 you advanced to experience level 3. On T:2343 you advanced to experience level 4. On T:2446 you reached level 4 of The Dungeons of Doom. On T:3241 you reached level 1 of The Gnomish Mines. Score breakdown: Gold: 393 ( 8828 points) Experience: 4 levels ( 9649 points) Exploration: 5 levels ( 10.20%) ( 8660 points) Discoveries: 10 items ( 4.08%) ( 6060 points) Valuables value: (no points given unless you survive) Artifact value: 0 ( 0 points) Variety of kills: 26 monsters ( 6.82%) ( 7836 points) Turncount: 4039 turns (-1039 points) Survival: died (score multiplied by 80%) Total score: 31995 Latest messages: The dagger hits the homunculus! The homunculus bites! Never mind. There are a few objects here. You have a little trouble lifting N - a heavy iron ball (chained to you). Your movements are slowed slightly because of your load. You stop searching. The homunculus bites! (3x) You feel an absence of magical power. The homunculus bites! The homunculus misses. The long sword misses the homunculus. The homunculus bites! You hit the homunculus. The homunculus bites! (2x) You die... Final status: Farvel Frodo the Valkyrie, killed by a homunculus... You died in The Dungeons of Doom on dungeon level 4 with 31995 points, and 393 pieces of gold, after 4039 moves. You were level 4 with a maximum of 52 hit points when you died.